 Dungeon Crawl Stone Soup version 0.26-a0-1205-g4083c211ab (webtiles) character file.

Game seed: 17184191335409467384

5703 sahdkjhfkaj the Earth Mage (level 10, -20/50 HPs)
             Began as a Gargoyle Earth Elementalist on Dec 30, 2020.
             Was a Believer of Vehumet.
             Demolished by a boulder beetle (51 damage)
             ... on level 8 of the Dungeon.
             The game lasted 00:16:31 (11119 turns).

sahdkjhfkaj the Earth Mage (GrEE)                  Turns: 11119, Time: 00:16:32

Health: -20/50     AC:  9    Str: 18    XL:     10   Next: 76%
Magic:  2/22       EV: 12    Int: 19    God:    Vehumet [**....]
Gold:   495        SH:  0    Dex: 10    Spells: 18/26 levels left

rFire    . . .     SeeInvis .   a - +2 war axe (elec)
rCold    . . .     Faith    .   (no shield)
rNeg     + . .     Spirit   .   c - +0 robe
rPois    ∞         Reflect  .   (no helmet)
rElec    +         Harm     +   m - scarf {harm}
rCorr    .         Rampage  .   (no gloves)
Will     .....                  (no boots)
Stlth    ++........             l - amulet of magic regeneration
HPRegen  0.16/turn              g - +6 ring of strength
MPRegen  0.43/turn              (no ring)

@: no status effects
A: negative energy resistance 1, electricity resistance, unbreathing,
petrification resistance, miasma immunity, AC +7
a: Renounce Religion


You were on level 8 of the Dungeon.
You worshipped Vehumet.
Vehumet was pleased with you.
You visited 2 branches of the dungeon, and saw 9 of its levels.

You collected 495 gold pieces.

Inventory:

Hand Weapons
 a - a +2 war axe of electrocution (weapon)
Missiles
 b - 170 stones
Armour
 c - a +0 robe (worn)
 m - a scarf of harm (worn)
Jewellery
 g - a +6 ring of strength (left hand)
 l - an amulet of magic regeneration (around neck)
Wands
 u - a wand of paralysis (7)
 x - a wand of acid (18)
 z - a wand of polymorph (2)
Scrolls
 e - 3 scrolls of fear
 h - 3 scrolls of amnesia
 j - 7 scrolls of remove curse
 k - 3 scrolls of magic mapping
 w - a scroll of enchant weapon
 y - 2 scrolls of teleportation {!r}
Potions
 d - 2 potions of ambrosia
 i - 3 potions of curing
 n - 2 potions of flight
 o - a potion of might {unknown}
 p - 2 potions of haste
 q - 2 potions of attraction {unknown}
 r - a potion of lignification {unknown}
 s - a potion of magic {unknown}
 t - 2 potions of heal wounds
 v - a potion of berserk rage {unknown}
 A - a potion of brilliance {unknown}
 B - a potion of mutation {unknown}


   Skills:
 - Level 1.5 Dodging
 - Level 2.1 Stealth
 + Level 8.5 Spellcasting
 - Level 0.7 Transmutations
 - Level 15.0 Earth Magic


You had 18 spell levels left.
You knew the following spells:

 Your Spells              Type           Power        Failure   Level
a - Sandblast             Erth           100%         1%          1
b - Passwall              Tmut/Erth      31%          1%          2
c - Lee's Rapid Deconstr  Erth           30%          1%          5

Your spell library contained the following spells:

 Spells                   Type           Power        Failure   Level
 Static Discharge         Conj/Air       8%           26%         3
 Stone Arrow              Conj/Erth      72%          1%          3
 Petrify                  Tmut/Erth      38%          3%          4
 Corona                   Hex            8%           9%          1
 Ensorcelled Hibernation  Hex/Ice        16%          13%         2
 Confusing Touch          Hex            8%           26%         3
 Dazzling Flash           Conj/Hex       16%          26%         3
 Tukima's Dance           Hex            8%           26%         3


Dungeon Overview and Level Annotations

Branches:
Dungeon (8/15)             Temple (1/1) D:5
   Lair: D:8-11

Altars:
Ashenzari
Cheibriados
Dithmenos
Elyvilon
Fedhas
Gozag
Hepliaklqana
Kikubaaqudgha
Makhleb
Nemelex Xobeh
Okawaru
Qazlal
Ru
Sif Muna
Trog
Uskayaw
Vehumet
Wu Jian
Xom
Yredelemnul
Zin
The Shining One

Shops:
D:7 ?

Annotations:
D:3 2 transporters


Innate Abilities, Weirdness & Mutations

You are resistant to torment.
Your stone body is resilient. (AC +7)
You are immune to poison.
You resist negative energy. (rN+)
You are resistant to electric shocks. (rElec)
You can survive without breathing.
You are immune to petrification.
You are immune to miasma.


Message History

Casting: Lee's Rapid Deconstruction (dangerous; 1% risk of failure)
Confirm with . or Enter, or press ? or * to list all spells.
Aiming: Sandblast (safe; 1% risk of failure)
Press: ? - help, Shift-Dir - straight line, f - wolf
Aim: a wolf (heavily wounded, 27% to evade)
The blast of sand hits the wolf.
The wolf is severely wounded.
The wolf bites you.
Unknown command.
Casting: Sandblast (safe; 1% risk of failure)
Confirm with . or Enter, or press ? or * to list all spells.
Aiming: Sandblast (safe; 1% risk of failure)
Press: ? - help, Shift-Dir - straight line, f/p - wolf
Aim: a wolf (severely wounded, 27% to evade)
The blast of sand hits the wolf!!
You kill the wolf!
Vehumet accepts your kill. The boulder beetle hits you!!!
Ouch! That really hurt!
You die...

.##.##.# ... ≈..≈..≈#
( ... .##.##$# .##
#°# ###.######### #.#
#°# #.≈.# #$≈..# #.#
#°# ##.#####.#####..
#B# .##.##.##(##(##.#
#○#
≈..≈(††..≈..≈##.###.#
(##.##.##.##.##.@B○.#
#.#####.##[##.#####
)≈. #.≈.####.#######.
####
##.#####.........
#$##.##.##.########
#≈..≈..≈.'.#
#$##.##.#### # #.####
.≈$


You could see a boulder beetle.

Vanquished Creatures
  A cyclops (D:8)
  Maggie (D:6)
  A shadow (D:8)
  A wyvern (D:8)
  A wraith (D:8)
  Eustachio (D:4)
  Grum (D:8)
  Menkaure (D:7)
  An acid dragon (D:8)
  Duvessa (D:7)
  An orc warrior (D:6)
  A sky beast (D:6)
  3 black bears
  3 phantoms
  2 necrophages
  4 ogres
  4 wolves (D:8)
  A centaur (D:8)
  3 bullfrogs
  Dowan (D:7)
  2 water moccasin zombies
  A wyvern skeleton (D:7)
  4 scorpions
  8 wights
  5 howler monkeys
  A bullfrog zombie (D:8)
  4 orc priests
  6 hounds
  2 jellies
  A bullfrog skeleton (D:5)
  3 centaur skeletons
  2 iguanas (D:8)
  Terence (D:2)
  6 orc wizards
  6 worker ants
  A hound skeleton (D:4)
  A worker ant zombie (D:5)
  Robin (D:4)
  10 gnolls
  A howler monkey skeleton (D:6)
  5 adders
  3 shadow imps
  4 white imps
  An ufetubus (D:5)
  An ooze (D:5)
  2 worms (D:3)
  The ghost of handsome the Sneak, a weakling OpDe (D:5)
  A dart slug (D:1)
  3 leopard geckos
  20 orcs
  4 ball pythons
  5 giant cockroaches
  15 goblins
  10 hobgoblins
  10 jackals (D:7)
  6 kobolds
  3 quokkas
  9 bats
  6 frilled lizards
  10 rats
218 creatures vanquished.

Notes
Turn   | Place    | Note
-------+----------+-------------------------------------------
     0 | D:1      | sahdkjhfkaj the Gargoyle Earth Elementalist began the quest
                  | for the Orb.
     0 | D:1      | Reached XP level 1. HP: 10/10 MP: 3/3
   380 | D:1      | Reached XP level 2. HP: 15/15 MP: 3/5
   520 | D:1      | Reached skill level 4 in Earth Magic
   768 | D:1      | Found a shimmering altar of Xom.
   934 | D:1      | Reached XP level 3. HP: 19/19 MP: 4/6
   937 | D:1      | Learned a level 2 spell: Passwall
  1326 | D:2      | Reached skill level 5 in Earth Magic
  1343 | D:2      | Reached XP level 4. HP: 16/24 MP: 0/7
  1802 | D:2      | Noticed Terence
  1812 | D:2      | Killed Terence
  1813 | D:2      | Reached skill level 6 in Earth Magic
  2470 | D:3      | Reached XP level 5. HP: 21/28 MP: 6/8
  2632 | D:3      | Found a transporter.
  2854 | D:3      | Found a transporter.
  2912 | D:3      | Reached skill level 7 in Earth Magic
  2965 | D:3      | Found a stormy altar of Qazlal.
  3131 | D:2      | Learned a level 5 spell: Lee's Rapid Deconstruction
  3383 | D:2      | Reached XP level 6. HP: 11/32 MP: 4/9
  4137 | D:4      | Noticed Robin
  4145 | D:4      | Reached skill level 8 in Earth Magic
  4150 | D:4      | Killed Robin
  4408 | D:4      | Found a broken altar of Ashenzari.
  4433 | D:4      | Noticed Eustachio
  5561 | D:4      | Found a sacrificial altar of Ru.
  5820 | D:4      | Killed Eustachio
  5821 | D:4      | Reached skill level 9 in Earth Magic
  5821 | D:4      | Reached XP level 7. HP: 36/36 MP: 4/10
  5842 | D:4      | Found a broken altar of Ashenzari.
  6219 | D:4      | Found a sacrificial altar of Ru.
  6425 | D:5      | Entered Level 5 of the Dungeon
  6479 | D:5      | Noticed handsome's ghost (weakling OpDe)
  6483 | D:5      | Found a runed translucent gate.
  6483 | D:5      | Found a runed translucent gate.
  6485 | D:5      | Found a runed translucent gate.
  6583 | D:5      | Killed handsome's ghost
  6678 | D:5      | Found a staircase to the Ecumenical Temple.
  6694 | Temple   | Entered the Ecumenical Temple
  6774 | Temple   | Became a worshipper of Vehumet
  6884 | D:5      | Reached skill level 10 in Earth Magic
  7076 | D:5      | Found a burning altar of Makhleb.
  7077 | D:5      | Noticed a green death
  7081 | D:5      | Found a glowing silver altar of Zin.
  7081 | D:5      | Noticed an angel
  7380 | D:5      | Reached XP level 8. HP: 41/41 MP: 7/11
  7555 | D:6      | Found a snail-covered altar of Cheibriados.
  7589 | D:6      | Reached skill level 11 in Earth Magic
  8059 | D:6      | Reached skill level 12 in Earth Magic
  8662 | D:6      | Reached * piety under Vehumet
  8662 | D:6      | Offered knowledge of Magic Dart by Vehumet.
  8772 | D:7      | Noticed Maggie
  8787 | D:6      | Killed Maggie
  8788 | D:6      | Reached skill level 13 in Earth Magic
  8788 | D:6      | Reached XP level 9. HP: 35/45 MP: 4/12
  9045 | D:7      | Reached skill level 14 in Earth Magic
  9169 | D:7      | Noticed Duvessa
  9299 | D:7      | Killed Duvessa
  9321 | D:7      | Noticed Dowan
  9323 | D:7      | Killed Dowan
  9351 | D:7      | Reached skill level 15 in Earth Magic
  9489 | D:7      | Found a bloodstained altar of Trog.
  9708 | D:7      | Offered knowledge of Freeze by Vehumet.
  9722 | D:7      | Reached ** piety under Vehumet
  9828 | D:7      | Found Ujimerhifo's Magic Scroll Emporium.
  9949 | D:7      | Noticed Menkaure
  9951 | D:7      | Killed Menkaure
  9952 | D:7      | Reached XP level 10. HP: 39/50 MP: 11/17
 10128 | D:7      | Reached skill level 5 in Spellcasting
 10968 | D:8      | Noticed a cyclops
 10970 | D:8      | Killed a cyclops
 10977 | D:8      | Offered knowledge of Static Discharge by Vehumet.
 11102 | D:8      | Noticed Grum
 11104 | D:8      | Killed Grum
 11104 | D:8      | Noticed a boulder beetle
 11119 | D:8      | Demolished by a boulder beetle

Illustrated notes

Levels and vault maps discovered:
D:1:      saegor_arrival_simple_e, layout_basic, amcnicky_mini_pool_small,
          xom_teletrap_fun
D:2:      layout_loops_cross, minmay_randomly_rotated_circles, uniq_terence
D:3:      gammafunk_steamed_eel, layout_loops_ring, lemuel_doored_altar
D:4:      layout_cave_pods, kennysheep_mini_moat,
          nicolae_ru_sacrificial_ziggurat, uniq_robin, uniq_eustachio
D:5:      layout_rooms, grunt_temple_overflow_order_and_chaos_2,
          minmay_temple_entry_grid, gammafunk_ghost_split
D:6:      layout_basic, cheibriados_altar_1
D:7:      layout_basic, trog_ov_bears_minmay, serial_shops,
          nicolae_shop_crystal, uniq_maggie, uniq_menkaure, uniq_duvessa
D:8:      hangedman_cross_veins, layout_basic, corexii_leaking_fountain,
          uniq_grum
Temple:   compressed_dpeg_circular_temple

Skill      XL: |  1  2  3  4  5  6  7  8  9 10 |
---------------+-------------------------------+-----
Earth Magic    | 4 5 6 7 9 10 13 15 | 15.0
Spellcasting   | 4 8 |  8.5
Dodging        | |  1.5
Stealth        | |  2.1
Transmutations | |  0.7

Action                   |  1- 3 |  4- 6 |  7- 9 | 10-12 || total
-------------------------+-------+-------+-------+-------++-------
Melee: Unarmed           |     4 |     5 |       |       ||     9
       War axe           |       |   121 |   113 |    37 ||   271
Throw: Stone             |     1 |       |       |       ||     1
 Cast: Sandblast         |    41 |    53 |     7 |    11 ||   112
       Lee's Rapid Decon |       |       |    44 |    33 ||    77
  Use: Scroll            |     1 |     7 |     3 |     4 ||    15
       Potion            |       |     2 |       |     1 ||     3
 Stab: Sleeping          |       |     3 |     2 |       ||     5
       Distracted        |       |     1 |       |       ||     1
Armor: Robe              |     7 |    67 |    49 |    22 ||   145
Dodge: Dodged            |     9 |   166 |   154 |    43 ||   372

Table legend: (Time is in decaauts)
 A = Elapsed time spent in this place.
 B = Non-inter-level travel time spent in this place.
 C = Inter-level travel time spent in this place.
 D = Time resting spent in this place.
 E = Time spent auto-exploring this place.
 F = Levels seen in this place.
 G = Mean time per level.
                   A        B        C        D        E       F      G
               +--------+--------+--------+--------+--------+-----+--------+
         Total |  11264 |  11103 |    161 |   1416 |   8284 |   9 | 1251.6 |
       Dungeon |  11169 |  11021 |    148 |   1416 |   8210 |   8 | 1396.1 |
        Temple |     94 |     81 |     13 |      0 |     74 |   1 |   94.0 |
               +--------+--------+--------+--------+--------+-----+--------+

Top non-repeatable levels by time:
     D:4: 2187 daAuts
     D:2: 1749 daAuts
     D:6: 1505 daAuts
     D:7: 1345 daAuts
     D:3: 1297 daAuts
     D:1: 1255 daAuts
     D:5: 1030 daAuts
     D:8: 798 daAuts
  Temple: 94 daAuts
